 Dungeon Crawl Stone Soup version 0.22-a0-21-g9421e3f (webtiles) character file.

329 Alarkh the Slasher (level 6, -2/48 HPs)
             Began as a Demonspawn Berserker on Jan 2, 2018.
             Was a Believer of Trog.
             Slain by a phantom (9 damage)
             ... on level 4 of the Dungeon.
             The game lasted 00:03:50 (4178 turns).

Alarkh the Slasher (Demonspawn Berserker)           Turns: 4178, Time: 00:03:51

Health: -2/48      AC:  3    Str: 17    XL:     6   Next: 25%
Magic:  6/6        EV:  9    Int: 11    God:    Trog [**....]
Gold:   189        SH:  7    Dex: 12    Spells: 5/5 levels left

rFire    . . .     SeeInvis +   a - +0 falchion
rCold    . . .     Gourm    .   g - +0 shield
rNeg     . . .     Faith    .   b - +0 animal skin
rPois    .         Spirit   .   (no helmet)
rElec    .         Reflect  .   (no cloak)
rCorr    .         Harm     .   (no gloves)
MR       +++..                  (no boots)
Stlth    +.........             (no amulet)
HPRegen  1.16/turn              f - ring of see invisible
MPRegen  0.10/turn              l - ring of protection from magic

@: berserk cooldown, starving, regenerating, slowed, very slow
A: talons 1, rugged brown scales 1
a: Berserk, Trog's Hand, Burn Spellbooks, Renounce Religion


You were on level 4 of the Dungeon.
You worshipped Trog.
Trog was pleased with you.
You were starving.

You visited 1 branch of the dungeon, and saw 4 of its levels.

You collected 189 gold pieces.

Inventory:

Hand Weapons
 a - a +0 falchion (weapon)
Armour
 b - a +0 animal skin (worn)
 g - a +0 shield (worn)
Jewellery
 f - a ring of see invisible (left hand)
 l - a ring of protection from magic (right hand)
 n - an uncursed ring of magical power
 p - a cursed -3 ring of strength {unknown}
Scrolls
 d - 2 scrolls of remove curse {unknown}
 e - 3 scrolls of identify
 h - 2 scrolls of teleportation {unknown}
 j - a scroll of enchant weapon {unknown}
 k - 2 scrolls of amnesia {unknown}
 m - a scroll of random uselessness {unknown}
Comestibles
 c - 7 rations
 i - a chunk of flesh


   Skills:
 - Level 3.0 Fighting
 + Level 6.5 Long Blades
 - Level 1.7 Armour
 - Level 1.7 Dodging


You had 5 spell levels left.
You didn't know any spells.

Dungeon Overview and Level Annotations

Branches:
Dungeon (4/15)
 Temple: D:4-7

Altars:
Cheibriados
Gozag

Shops:
D:4 (


Innate Abilities, Weirdness & Mutations

You have sharp toenails.
You are partially covered in rugged brown scales. (AC +1, +3% HP)


Message History

You hit the orc. You claw the orc.
You kill the orc!
Trog accepts your kill.
You block the phantom's attack. x2; The orc hits you with a mace.
* * * LOW HITPOINT WARNING * * *
You hit the orc. Your kick misses the orc.
The orc is lightly wounded.
You are starving!
The phantom hits you!
* * * LOW HITPOINT WARNING * * *
The phantom blinks!
You block the orc's attack.
You hit the orc. You claw the orc, but do no damage.
The orc is moderately wounded.
The orc hits you with a mace.
* * * LOW HITPOINT WARNING * * *
Unknown command.
You hit the orc. Your kick misses the orc.
The orc is heavily wounded.
The phantom hits you!
You die...

##### ....
.#.#######.##
....olo@W...#
##.#######.##
#.# #.#
####.######
#.....$...#
#.##.######
#.## #.##.#
...# #.##.#
####


You could see a phantom, 2 orcs and a frilled lizard.

Vanquished Creatures
  The ghost of Uhlv the Cudgeler, an amateur MiBe of Trog (D:3)
  A hound (D:3)
  2 orc priests
  A gnoll (D:2)
  5 adders
  An ooze (D:2)
  2 worms (D:2)
  A dart slug (D:3)
  3 leopard geckos
  7 orcs
  5 giant cockroaches
  7 goblins
  6 hobgoblins
  7 jackals (D:1)
  8 kobolds
  2 quokkas
  A ball python (D:2)
  4 bats
  5 frilled lizards
  12 rats
81 creatures vanquished.

Notes
Turn   | Place    | Note
-------+----------+-------------------------------------------
     0 | D:1      | Alarkh the Demonspawn Berserker began the quest for the Orb.
     0 | D:1      | Reached XP level 1. HP: 18/18 MP: 1/1
   157 | D:1      | Reached skill level 3 in Long Blades
   195 | D:1      | Gained mutation: You have sharp toenails. [demonic ancestry]
   195 | D:1      | Reached XP level 2. HP: 23/24 MP: 2/2
  1055 | D:1      | Reached XP level 3. HP: 29/29 MP: 3/3
  1271 | D:2      | Found an opulent altar of Gozag.
  1353 | D:2      | Reached ** piety under Trog
  1353 | D:2      | Reached skill level 4 in Long Blades
  2367 | D:2      | Gained mutation: You are partially covered in rugged brown scales. (AC +1, +3% HP) [demonic ancestry]
  2367 | D:2      | Reached XP level 4. HP: 29/36 MP: 4/4
  2613 | D:3      | Reached skill level 5 in Long Blades
  2827 | D:3      | Found a snail-covered altar of Cheibriados.
  2878 | D:3      | Noticed Uhlv's ghost (amateur MiBe)
  2890 | D:3      | Killed Uhlv's ghost
  2890 | D:3      | Reached XP level 5. HP: 42/42 MP: 5/5
  3000 | D:3      | Reached skill level 6 in Long Blades
  3464 | D:3      | Reached XP level 6. HP: 48/48 MP: 6/6
  4061 | D:4      | Found Juysiodd's Antique Weapon Emporium.
  4178 | D:4      | Slain by a phantom

Vault maps used:
D:1:      minmay_arrival_stone_box, minmay_tree_intersection
D:2:      minmay_diamond_boxcup, solitary_fountain, grunt_gozag_breadcrumbs
D:3:      kennysheep_slug_shrine
D:4:      grunt_temple_overflow_diamond, minmay_temple_entry_glass,
          serial_shops, shop

Skill      XL: |  1  2  3  4  5 |
---------------+----------------+-----
Long Blades    | 3 4 5 6 |  6.5
Fighting       | |  3.0
Armour         | |  1.7
Dodging        | |  1.7

Action                   |  1- 3 |  4- 6 || total
-------------------------+-------+-------++-------
Melee: Falchion          |   111 |   111 ||   222
       Kick              |    28 |    28 ||    56
Invok: Berserk           |     2 |     5 ||     7
       Trog's Hand       |       |     3 ||     3
  Use: Potion            |       |     2 ||     2
       Scroll            |       |     1 ||     1
 Stab: Sleeping          |     1 |     1 ||     2
  Eat: Chunk             |     7 |     9 ||    16
Armor: Animal skin       |    16 |    25 ||    41
Dodge: Dodged            |    41 |    42 ||    83
Block: Shield            |    27 |    55 ||    82
       Rpst.: Falchion   |    15 |    13 ||    28

Table legend:
 A = Spawn XP
 B = Non-spawn XP
 C = Spawn XP percentage of total XP
 D = Spawn monster count
 E = Non-spawn monster count
 F = Spawn count percentage of total count
 G = Total turns spent on level
                    A         B        C        D         E        F      G
               +---------+---------+-------+---------+---------+-------+---------
         Total |       0 |     470 |   0.0 |       0 |      81 |   0.0 |  4178
               +---------+---------+-------+---------+---------+-------+---------
           D:1 |       0 |      46 |   0.0 |       0 |      25 |   0.0 |  1218
           D:2 |       0 |      82 |   0.0 |       0 |      31 |   0.0 |  1459
           D:3 |       0 |     262 |   0.0 |       0 |      18 |   0.0 |  1167
           D:4 |       0 |      80 |   0.0 |       0 |       7 |   0.0 |   334
               +---------+---------+-------+---------+---------+-------+---------
